 Dungeon Crawl Stone Soup version 0.29.1-2-gbd0b4ee654 (webtiles) character file.

Game seed: 15130551452228251535

51 eightlis the Slasher (level 3, -1/33 HPs)
             Began as a Minotaur Berserker on Nov 4, 2022.
             Was a Follower of Trog.
             Succumbed to a scorpion's poison
             ... on level 4 of the Dungeon on Nov 5, 2022.
             The game lasted 00:11:39 (1934 turns).

eightlis the Slasher (Minotaur Berserker)           Turns: 1934, Time: 00:11:40

Health: -1/33      AC: 12    Str: 23    XL:     3   Next: 57%
Magic:  2/2        EV:  7    Int:  4    God:    Trog [*.....]
Gold:   67         SH:  0    Dex:  9    Spells: 2/2 levels left

rFire   . . .      SeeInvis .   a - +0 falchion
rCold   . . .      Faith    .   (no shield)
rNeg    . . .      Spirit   .   s - +0 plate armour
rPois   .          Reflect  .   (helmet restricted)
rElec   .          Harm     .   (no cloak)
rCorr   .          Rampage  .   j - +0 pair of gloves
Will    .....                   (no boots)
Stlth   ..........              (no amulet)
HPRegen 0.11/turn               (no ring)
MPRegen 0.08/turn               (no ring)

@: lethally poisoned (-1 -> -17), flying
A: horns 2, retaliatory headbutt
a: Renounce Religion, Berserk


You were on level 4 of the Dungeon.
You worshipped Trog.
Trog was aware of your devotion.
You visited 1 branch of the dungeon, and saw 4 of its levels.

You collected 67 gold pieces.

Inventory:

Hand Weapons
 a - a +0 falchion (weapon)
 f - a +0 dagger
 h - a +0 club
 k - a +0 dagger
 n - a +0 sling
Missiles
 e - 23 stones
Armour
 b - a +0 animal skin
 j - a +0 pair of gloves (worn)
 p - a +0 robe
 s - a +0 plate armour (worn)
Scrolls
 g - a scroll of immolation
 o - a scroll of enchant armour {unknown}
 r - a scroll of brand weapon {unknown}
 u - a scroll of fog {unknown}
Potions
 c - 2 potions of attraction {unknown}
 d - a potion of resistance {unknown}
 l - a potion of might {unknown}
 m - a potion of curing {unknown}
 t - a potion of berserk rage {unknown}


   Skills:
 + Level 4.2 Fighting
 + Level 4.5 Long Blades
 + Level 2.7 Armour
 + Level 2.9 Dodging


You had 2 spell levels left.
You didn't know any spells.
Your spell library contained the following spells:

 Spells                   Type           Power      Damage    Failure   Level
 Gell's Gravitas          Tloc           0%         N/A       100%        3
 Teleport Other           Tloc           0%         N/A       100%        3
 Dispersal                Tloc           0%         N/A       100%        6


Dungeon Overview and Level Annotations

Branches:
Dungeon (4/15)
 Temple: D:4-7

Altars:
Hepliaklqana
Kikubaaqudgha
Sif Muna


Innate Abilities, Weirdness & Mutations

You have a pair of horns on your head.
You reflexively headbutt those who attack you in melee.


Message History

You enter the shallow water.
Moving in this stuff is going to be slow.
You enter the shallow water.
Moving in this stuff is going to be slow.
You feel yourself speed up.
You recover from your berserk rage.
Your extra speed is starting to run out.
You feel yourself slow down.
Found a stone staircase leading down.
There is a stone staircase leading down here.
You climb downwards.
There is a stone staircase leading up here.
A scorpion comes into view.
Unknown command.
The scorpion barely misses you. The scorpion stings you.
The scorpion stings you. The scorpion barely misses you.
You barely miss the scorpion. The scorpion closely misses you.
You closely miss the scorpion. The scorpion stings you.
You are poisoned.
The scorpion poisons you! The scorpion barely misses you.
You hit the scorpion but do no damage.
You feel very sick. The scorpion stings you.
You are lethally poisoned!
The scorpion poisons you!
You barely miss the scorpion. Your headbutt misses the scorpion.
* * * LOW HITPOINT WARNING * * *
You feel very sick. The scorpion barely misses you. You furiously retaliate!
You headbutt the scorpion, but do no damage.
You barely miss the scorpion.
* * * LOW HITPOINT WARNING * * *
You feel very sick.
The scorpion stings you but does no damage.
It was a potion of flight.
You feel very buoyant.
You fly up into the air.
You die...

### #<#
#.# #.#
#.#
#.#######
#@s......
#########


You could see a scorpion.

Vanquished Creatures
  2 adders (D:2)
  4 ball pythons
  3 bats (D:1)
  2 endoplasms
  2 giant cockroaches (D:1)
  4 goblins
  3 hobgoblins
  A frilled lizard (D:2)
  6 kobolds
  6 rats
33 creatures vanquished.

Vanquished Creatures (others)
  3 plants (D:3)
3 creatures vanquished.

Grand Total: 36 creatures vanquished

Notes
Turn   | Place    | Note
-------+----------+-------------------------------------------
     0 | D:1      | eightlis the Minotaur Berserker began the quest for the
                  | Orb.
     0 | D:1      | Reached XP level 1. HP: 19/19 MP: 0/0
   424 | D:1      | Reached XP level 2. HP: 27/27 MP: 1/1
   791 | D:2      | Reached XP level 3. HP: 20/33 MP: 2/2
   807 | D:2      | Reached ** piety under Trog
  1043 | D:3      | Found an ancient bone altar of Kikubaaqudgha.
  1067 | D:3      | HP: 1/33 [orc/+0 dagger (3)]
  1415 | D:3      | Found a shimmering blue altar of Sif Muna.
  1415 | D:3      | Found a hazy altar of Hepliaklqana.
  1920 | D:4      | Noticed a scorpion
  1934 | D:4      | Succumbed to a scorpion's poison

Illustrated notes

Levels and vault maps discovered:
D:1:      sevenhm_arrival_forest_fort_small_3, layout_rooms,
          hellmonk_ecumenical_altar_crossroads
D:2:      minmay_evil_eye, layout_loops_ring, dreamdust_princess_bridge,
          uniq_robin
D:3:      layout_basic, gammafunk_temple_overflow_statue,
          kiku_gazebo_pond_becter, serial_bayou_pond_b,
          kennysheep_generic_room_3
D:4:      layout_basic, kennysheep_windowed_goal, uniq_blork_the_orc

Skill      XL: |  1  2 |
---------------+-------+-----
Fighting       | 4 |  4.2
Long Blades    | 4 |  4.5
Armour         | |  2.7
Dodging        | |  2.9

Action                   || total
-------------------------++-------
Melee: Falchion          ||    59
       Headbutt          ||     6
Invok: Berserk           ||     4
  Use: Scroll            ||     3
       Potion            ||     2
 Stab: Sleeping          ||     1
Armor: Animal skin       ||    10
       Robe              ||     8
       Plate armour      ||     1
Dodge: Dodged            ||    58
